 Dungeon Crawl Stone Soup version 0.23-a0-612-gcb482e9 (webtiles) character file.

47 Borgoz the Skirmisher (level 3, 0/33 HPs)
             Began as a Ghoul Abyssal Knight on Dec 21, 2018.
             Was a Follower of Lugonu.
             Slain by a bat (1 damage)
             ... on level 3 of the Dungeon.
             The game lasted 00:02:15 (1315 turns).

Borgoz the Skirmisher (Ghoul Abyssal Knight)        Turns: 1315, Time: 00:02:16

Health: 0/33       AC:  3    Str: 12 (15) XL:     3   Next: 70%
Magic:  3/3        EV: 11    Int:  6 (7)  God:    Lugonu [*.....]
Gold:   45         SH:  0    Dex:  7 (9)  Spells: 2/2 levels left

rFire    . . .     SeeInvis .     - Unarmed
rCold    + . .     Gourm    .   (no shield)
rNeg     + + +     Faith    .   a - +0 leather armour
rPois    ∞         Spirit   .   (no helmet)
rElec    .         Reflect  .   (no cloak)
rCorr    .         Harm     .   (no gloves)
MR       .....                  (no boots)
Stlth    +.........             (no amulet)
HPRegen  0.00/turn              (no ring)
MPRegen  0.08/turn              (no ring)

@: very slightly contaminated, rotting
A: rotting body, claws 1, carnivore, cold resistance 1, negative energy
resistance 3, inhibited regeneration, torment resistance, unbreathing
a: Depart the Abyss, Renounce Religion


You were on level 3 of the Dungeon.
You worshipped Lugonu.
Lugonu was aware of your devotion.
You were not hungry.

You visited 1 branch of the dungeon, and saw 3 of its levels.
You visited the Abyss 1 time.

You collected 45 gold pieces.

Inventory:

Armour
 a - a +0 leather armour (worn)
Jewellery
 i - a cursed -6 ring of protection {unknown}
Scrolls
 d - a scroll of identify
 f - a scroll of remove curse
Comestibles
 b - 3 rations
 g - a chunk of flesh


   Skills:
 + Level 4.2 Fighting
 + Level 1.7 Armour
 + Level 1.0 Dodging
 + Level 0.2 Stealth
 + Level 3.0 Unarmed Combat
 + Level 2.3 Invocations


You had 2 spell levels left.
You didn't know any spells.
Your spell library contained the following spells:

 Spells                   Type           Power        Failure   Level  Hunger
 Magic Dart               Conj           #...         54%         1    ##.....
 Blink                    Tloc           N/A          67%         2    ###....
 Call Imp                 Summ           #.......     67%         2    ###....
 Slow                     Hex            #.......     67%         2    ###....
 Conjure Flame            Conj/Fire      #.......     88%         3    ####...
 Mephitic Cloud           Conj/Pois/Air  #.......     88%         3    ####...


Dungeon Overview and Level Annotations

Branches:
Dungeon (3/15)

Altars:

Annotations:
D:2 Sigmund, Terence
D:3 1 transporter


Innate Abilities, Weirdness & Mutations

Your body is rotting away.
You thrive on raw meat.
You are immune to poison.
You have sharp fingernails.
You are carnivorous and can eat meat at any time.
Your flesh is cold resistant. (rC+)
You are immune to negative energy. (rN+++)
You do not regenerate when monsters are visible.
You are immune to unholy pain and torment.
You can survive without breathing.


Message History

* * * LOW HITPOINT WARNING * * *
Found 15 gold pieces.
There is a stone staircase leading down here.
The kobold hits you but does no damage.
You climb downwards.
Reactivating autopickup.
A bat, a hobgoblin and a kobold come into view.
The kobold shouts!
The hobgoblin shouts!
Found a scroll labeled ALITUNGYSCH.
Found a transporter.
There is a stone staircase leading up here.
Blink to where?
Press: ? - help, Dir - move target cursor You are very lightly contaminated with residual magic.
As you read the scroll labeled ICLIFF ERREO, it crumbles to dust.
It was a scroll of blinking.
Found 15 arrows.
The bat closely misses you. The bat closely misses you. The bat hits you.
You die...

##########
..(....@.#
########b#
≈≈≈≈#P8#.##
≈≈≈≈#..#..##
⌠≈≈P+?©#©..#
≈≈≈P#..#..g#
;≈≈;#P8#.#.#
########K#.#
#
........#...


You could see 2 electric eels, a hobgoblin, a bat and a kobold.

Vanquished Creatures
  An adder (D:2)
  2 oozes (D:2)
  2 worms (D:2)
  A dart slug (D:1)
  2 leopard geckos (D:2)
  A bat (D:2)
  2 giant cockroaches (D:2)
  2 hobgoblins (D:1)
  3 frilled lizards
  A goblin (D:2)
  3 kobolds
  A rat (D:1)
21 creatures vanquished.

Notes
Turn   | Place    | Note
-------+----------+-------------------------------------------
     0 | Abyss:1  | Borgoz the Ghoul Abyssal Knight began the quest for the
                  | Orb.
     0 | Abyss:1  | Reached XP level 1. HP: 19/19 MP: 1/1
     4 | Abyss:1  | Found a corrupted altar of Lugonu.
    46 | Abyss:1  | Noticed a large abomination
    97 | Abyss:2  | Noticed a worldbinder
   106 | D:1      | Escaped the Abyss
   198 | D:1      | Noticed an electric eel
   198 | D:1      | Noticed an electric eel
   282 | D:1      | Reached skill level 1 in Dodging
   373 | D:1      | Reached XP level 2. HP: 26/27 MP: 2/2
   771 | D:2      | Reached skill level 4 in Fighting
   807 | D:2      | Reached * piety under Lugonu
   962 | D:2      | Reached XP level 3. HP: 14/33 MP: 3/3
  1282 | D:2      | Noticed Terence
  1296 | D:2      | Noticed Sigmund
  1304 | D:2      | HP: 1/33 [something/magic dart (7)]
  1310 | D:3      | Found a transporter.
  1315 | D:3      | Slain by a bat

Vault maps used:
D:1:      arrival_aquarium_b, minmay_misc_feat_diagonals, serial_park_tiny_1
D:2:      kennysheep_generic_room_4, uniq_sigmund, uniq_terence
D:3:      gammafunk_steamed_eel, chequers_serial_rivers_micro_c,
          nicolae_dithmenos_through_a_glass_darkly
Abyss:1:  minivault_1
Abyss:2:  bh_abyss_exit_choice, eino_small_chamber_without_monster

Skill      XL: |  1  2  3 |
---------------+----------+-----
Dodging        | 1 |  1.0
Fighting       | 4 |  4.2
Unarmed Combat | 3 |  3.0
Armour         | |  1.7
Stealth        | |  0.2
Invocations    | |  2.3

Action                   || total
-------------------------++-------
Melee: Unarmed           ||   101
Invok: Depart the Abyss  ||     1
  Use: Scroll            ||     4
       Potion            ||     2
  Eat: Chunk             ||     6
Armor: Leather armour    ||    19
Dodge: Dodged            ||    65

Table legend:
 A = Non-vault XP
 B = Vault XP
 C = Vault XP percentage of total XP
 D = Non-vault monster count
 E = Vault monster count
 F = Vault count percentage of total count
                 A         B        C        D         E       F
            +---------+---------+-------+---------+---------+-------
      Total |      68 |       0 |   0.0 |      21 |       0 |   0.0
            +---------+---------+-------+---------+---------+-------
        D:1 |      13 |       0 |   0.0 |       7 |       0 |   0.0
        D:2 |      55 |       0 |   0.0 |      14 |       0 |   0.0
            +---------+---------+-------+---------+---------+-------
